 Dungeon Crawl Stone Soup version 0.29.1-12-g30fa7ad0bf (webtiles) character file.

Game seed: 2305991697315565725

9604 Lutefisk the Zephyrmancer (level 11, 0/72 HPs)
             Began as a Tengu Air Elementalist on Dec 23, 2022.
             Slain by a hell beast (22 damage)
             ... in a Gauntlet.
             The game lasted 00:51:20 (6836 turns).

Lutefisk the Zephyrmancer (Tengu Air Elementalist)  Turns: 6836, Time: 00:51:21

Health: 0/72       AC:  6    Str:  8    XL:     11   Next: 49%
Magic:  8/16       EV: 21    Int: 25    God:
Gold:   521        SH:  5    Dex: 20    Spells: 1/16 levels left

rFire   . . .      SeeInvis .   a - +1 trident (protect)
rCold   . . .      Faith    .   x - +0 buckler
rNeg    . . .      Spirit   .   L - +0 troll leather armour
rPois   .          Reflect  .   (helmet restricted)
rElec   .          Harm     .   f - +0 cloak
rCorr   .          Rampage  .   (no gloves)
Will    .....      NoTele   +   (boots unavailable)
Stlth   +++.......              G - amulet of magic regeneration
HPRegen 1.02/turn               p - +6 ring of dexterity
MPRegen 0.55/turn               M - ring of Tinwu Foim {Fly Int+4 Stlth+}

@: flying quickly and evasively, quick
A: beak, talons 3, nimble flight
a: no special abilities


You were in a Gauntlet.
You visited 2 branches of the dungeon, and saw 12 of its levels.
You also visited: Gauntlet.

You collected 621 gold pieces.
You spent 100 gold pieces at shops.

Inventory:

Hand Weapons
 a - a +1 trident of protection (weapon)
 g - a -2 demon whip of venom
Missiles
 h - 20 poisoned darts (quivered)
 I - a curare-tipped dart
Armour
 f - a +0 cloak (worn)
 x - a +0 buckler (worn)
 E - the +0 robe of Conscience {Will+ Dex-2 SInv}
   (You found it on level 6 of the Dungeon)

   Dex:       It affects your dexterity (-2).
   SInv:      It lets you see invisible.
   Will:      It increases your willpower.
 J - +0 steam dragon scales
 L - a +0 troll leather armour (worn)
Magical Staves
 z - a staff of conjuration
Jewellery
 o - an amulet of reflection
 p - a +6 ring of dexterity (left hand)
 A - a ring of wizardry
 G - an amulet of magic regeneration (around neck)
 M - the ring of Tinwu Foim (right hand) {Fly Int+4 Stlth+}
   (You found it in a Gauntlet)

   [ring of flight]

   Int:       It affects your intelligence (+4).
   Fly:       It grants you flight.
   Stlth:     It makes you more stealthy.
Wands
 b - a wand of digging (15)
 d - a wand of roots (1)
 n - a wand of flame (37)
 H - a wand of polymorph (2)
Scrolls
 c - 2 scrolls of brand weapon
 e - a scroll of butterflies {unknown}
 k - 2 scrolls of amnesia
 l - 2 scrolls of poison
 m - 6 scrolls of teleportation
 t - 2 scrolls of immolation
 u - 3 scrolls of enchant weapon
 v - 2 scrolls of vulnerability
 w - 2 scrolls of blinking {unknown}
 y - 3 scrolls of magic mapping {unknown}
 C - a scroll of noise {unknown}
 F - 2 scrolls of fear {unknown}
Potions
 i - 4 potions of curing
 j - a potion of mutation {unknown}
 q - a potion of haste {unknown}
 r - 4 potions of cancellation
 s - a potion of ambrosia {unknown}
 B - 3 potions of attraction {unknown}
 D - a potion of might {unknown}


   Skills:
 - Level 10.0 Fighting
 - Level 1.0 Throwing
 - Level 8.0 Armour
 - Level 10.0 Dodging
 - Level 3.0 Stealth
 * Level 3.3 Shields
 - Level 3.0 Spellcasting
 - Level 4.0 Conjurations
 - Level 10.0 Air Magic
 - Level 1.0 Evocations


You had one spell level left.
You knew the following spells:

 Your Spells              Type           Power      Damage    Failure   Level
a - Shock                 Conj/Air       100%       1d9       1%          1
b - Static Discharge      Conj/Air       38%        3-8/arc   1%          2
c - Swiftness             Air            52%        N/A       1%          3
d - Airstrike             Air            26%        2d(4-20)  3%          4
e - Passwall              Tmut/Erth      2%         N/A       26%         2
f - Mephitic Cloud        Conj/Pois/Air  27%        N/A       9%          3

Your spell library contained the following spells:

 Spells                   Type           Power      Damage    Failure   Level
 Sandblast                Erth           6%         2d5       19%         1
 Slow                     Hex            12%        N/A       19%         1
 Stone Arrow              Conj/Erth      26%        3d8       24%         3
 Call Canine Familiar     Summ           3%         N/A       47%         3
 Confusing Touch          Hex            3%         N/A       47%         3
 Ignite Poison            Fire/Tmut/Pois 3%         N/A       47%         3
 Portal Projectile        Hex/Tloc       6%         N/A       47%         3
 Vampiric Draining        Necr           3%         2d6       47%         3
 Freezing Cloud           Conj/Ice/Air   13%        6-21      58%         5
 Cause Fear               Hex            1%         N/A       87%         4
 Leda's Liquefaction      Hex/Erth       1%         N/A       87%         4
 Olgreb's Toxic Radiance  Pois           3%         N/A       87%         4
 Dragon Form              Tmut           1%         N/A       100%        7
 Ozocubu's Refrigeration  Ice            1%         4d7       100%        7
 Ignition                 Fire           1%         3d3       100%        8
 Dragon's Call            Summ           1%         N/A       100%        9


Dungeon Overview and Level Annotations

Branches:
Dungeon (11/15)            Temple (1/1) D:4            Lair (0/5) D:9
Gauntlet (1/1)
    Orc: D:9-12

Altars:
Ashenzari
Cheibriados
Dithmenos
Elyvilon
Fedhas
Gozag
Hepliaklqana
Kikubaaqudgha
Makhleb
Nemelex Xobeh
Okawaru
Qazlal
Ru
Uskayaw
Vehumet
Wu Jian
Xom
Yredelemnul
Zin
The Shining One

Shops:
D:1 (   D:4 *   D:8 *

Annotations:
D:2 Sigmund
D:5 2 transporters, Duvessa; Eustachio; wormed's ghost, novice GrFi Gauntlet 11 transporters


Innate Abilities, Weirdness & Mutations

You have a beak for a mouth.
You have claws for feet.
Your magical nature lets you fly swiftly and evasively.


Message History

The hell beast is struck by an arc of lightning.
The hell beast is heavily wounded.
You are struck by an arc of lightning.
The hell beast is struck by an arc of lightning.
The hell beast is heavily wounded.
You are struck by an arc of lightning.
The hell beast is struck by an arc of lightning.
The hell beast is severely wounded.
The lightning grounds out.
The grasping roots constrict the hell beast.
The roots release their grip on the hell beast.
The hell beast bites you!!
* * * LOW HITPOINT WARNING * * *
The hell beast completely misses you.
You feel much better. The hell beast bites you. The hell beast tramples you!
You are shoved backwards!
The hell beast bites you.
* * * LOW HITPOINT WARNING * * *
You block the hell beast's attack.
You feel much better. The hell beast bites you!!
The hell beast closely misses you.
Aiming: Fastroot
Press: ? - help, Shift-Dir - straight line, f/p - hell beast
Aim: a hell beast (severely wounded)
The roots erupt in riotous growth!
Roots grab the hell beast.
The grasping roots constrict the hell beast!
You block the hell beast's attack. The hell beast closely misses you.
The hell beast barely misses you. You block the hell beast's attack.
Casting: Static Discharge (safe; 1% risk of failure)
Confirm with . or Enter, or press ? or * to list all spells.
The hell beast is struck by an arc of lightning.
The hell beast is severely wounded.
You are struck by an arc of lightning.
* * * LOW HITPOINT WARNING * * *
The hell beast is struck by an arc of lightning!
The hell beast is almost dead.
The lightning grounds out.
The grasping roots constrict the hell beast.
The hell beast bites you!!
You die...

##33..##.#...#2.}[©.?..#..#..
##3##..#.#...#...#.#...####.8
...##.##"#...#....#....#©....
##...###)###.#.#..#..#.####.8
##.##...©#©#.#.#######.#..#§.
3..##.##$#.#.#.#..#©.#.#..#§8
##...###.#.#.#....#....#..#
##.##....#.#.#...###†..#..#
.33##.##.#.#.#..@2.....#..#
##########.#############..###
≈§§≈8≈≈§≈#........©#......#8#
##########.#########.....≈###
.........#.#..........#####
..##.##..#.#..........#8#
.##...##.#.#..###########
.#.....#.#.#..#8# #8#
††.†©...©#©#..### ###


You could see a hell beast (rooted).

Vanquished Creatures
  A hydra (D:8)
  A two-headed ogre (D:8)
  Amaemon (D:8)
  A moth of wrath (Gauntlet)
  Joseph (D:7)
  An orange demon (D:8)
  Psyche (D:8)
  3 trolls
  A hornet (D:9)
  Prince Ribbit (D:7)
  A vampire (D:10)
  5 yaks (D:9)
  A wyvern (D:9)
  A steam dragon (D:10)
  3 redbacks (Gauntlet)
  Edmund (D:4)
  A hell hound (Gauntlet)
  4 acid dragons
  4 sky beasts
  3 orc warriors
  An ice beast (D:5)
  An ogre (D:6)
  8 centaurs
  Blork the orc (D:5)
  2 kobold brigands
  2 necrophages
  3 scorpions
  3 wights (D:8)
  Dowan (D:5)
  8 killer bees
  3 howler monkeys
  5 hounds
  4 jellies
  6 orc priests
  A gnoll bouda (D:9)
  Ijyb (D:3)
  3 orc wizards
  4 gnolls
  2 adders (D:6)
  2 shadow imps
  4 white imps
  An ufetubus (D:6)
  2 worms
  A dart slug (D:1)
  20 orcs
  5 ball pythons
  6 endoplasms
  A giant cockroach (D:1)
  7 goblins
  10 hobgoblins
  2 jackals (D:1)
  6 bats
  3 frilled lizards
  15 kobolds
  3 rats
183 creatures vanquished.

Vanquished Creatures (others)
  A human (D:7)
1 creature vanquished.

Grand Total: 184 creatures vanquished

Notes
Turn   | Place    | Note
-------+----------+-------------------------------------------
     0 | D:1      | Lutefisk the Tengu Air Elementalist began the quest for the
                  | Orb.
     0 | D:1      | Reached XP level 1. HP: 10/10 MP: 4/4
    51 | D:1      | Reached skill level 1 in Fighting
   105 | D:1      | Reached XP level 2. HP: 8/16 MP: 0/6
   419 | D:2      | Reached XP level 3. HP: 13/22 MP: 3/7
   473 | D:2      | Learned a level 2 spell: Static Discharge
   702 | D:1      | Found Jeigicre's Weapon Emporium.
   859 | D:2      | Noticed Sigmund
  1016 | D:3      | Noticed Ijyb
  1065 | D:3      | Killed Ijyb
  1066 | D:3      | Reached XP level 4. HP: 13/28 MP: 0/8
  1353 | D:4      | Found a staircase to the Ecumenical Temple.
  1366 | Temple   | Entered the Ecumenical Temple
  1478 | D:4      | Reached skill level 5 in Air Magic
  1483 | D:4      | Reached skill level 1 in Armour
  1483 | D:4      | Gained mutation: Your magical nature lets you fly swiftly
                  | and evasively. [Tengu growth]
  1483 | D:4      | Reached XP level 5. HP: 24/32 MP: 1/9
  1516 | D:4      | Learned a level 3 spell: Swiftness
  1519 | D:4      | Found a radiant altar of Vehumet.
  1545 | D:4      | Found Caocoidutu's Assorted Antiques.
  1553 | D:4      | Bought a scroll labelled YLOEB NELO for 25 gold pieces
  1553 | D:4      | Bought a scroll labelled WIMOKL TOINT for 25 gold pieces
  1553 | D:4      | Bought a scroll labelled NYAFYX FIEFOFA for 25 gold pieces
  1553 | D:4      | Bought a scroll labelled UTIACZACKUDGH for 25 gold pieces
  1557 | D:4      | Noticed Edmund
  1672 | D:4      | Found a stormy altar of Qazlal.
  1741 | D:4      | Killed Edmund
  1742 | D:4      | Reached XP level 6. HP: 34/37 MP: 2/10
  1915 | D:5      | Entered Level 5 of the Dungeon
  1935 | D:5      | Noticed Blork the orc
  2039 | D:5      | Found a glowing silver altar of Zin.
  2126 | D:5      | Noticed Duvessa
  2133 | D:5      | Noticed Dowan
  2280 | D:6      | Reached XP level 7. HP: 31/41 MP: 6/11
  2288 | D:6      | Learned a level 4 spell: Airstrike
  2388 | D:6      | Reached skill level 1 in Throwing
  2388 | D:6      | Reached skill level 1 in Evocations
  2734 | D:6      | Reached skill level 5 in Fighting
  2734 | D:6      | Reached XP level 8. HP: 41/49 MP: 0/13
  2788 | D:6      | Found a shadowy altar of Dithmenos.
  2887 | D:6      | Found a hazy altar of Hepliaklqana.
  3003 | D:5      | Noticed wormed's ghost (novice GrFi)
  3004 | D:5      | Found a transporter.
  3089 | D:5      | Learned a level 2 spell: Passwall
  3121 | D:5      | Killed Blork the orc
  3160 | D:5      | Noticed Eustachio
  3414 | D:5      | Killed Dowan
  3415 | D:5      | Reached skill level 10 in Air Magic
  3474 | D:5      | Found a transporter.
  3543 | D:6      | Identified the +0 robe of Conscience {Will+ Dex-2 SInv}
  3662 | D:7      | Found an opulent altar of Gozag.
  3694 | D:7      | You are sucked into a shaft and drop 1 floor!
  3740 | D:8      | Reached XP level 9. HP: 50/54 MP: 8/14
  3793 | D:8      | Noticed Psyche
  3802 | D:7      | Noticed Joseph
  3808 | D:7      | Killed Joseph
  3861 | D:7      | Reached skill level 5 in Dodging
  3863 | D:7      | Reached skill level 5 in Armour
  3878 | D:7      | Noticed Prince Ribbit
  4118 | D:7      | HP: 2/55 [Prince Ribbit (13)]
  4120 | D:7      | Killed Prince Ribbit
  4147 | D:7      | Noticed a +0 dagger
  4148 | D:7      | Noticed a +0 hand axe
  4151 | D:7      | Found a hide-covered altar of Uskayaw.
  4336 | D:7      | Found an ancient bone altar of Kikubaaqudgha.
  4402 | D:8      | Found Qajy's General Store.
  4439 | D:8      | Noticed Amaemon
  4439 | D:8      | Noticed an orange demon
  4467 | D:8      | Killed an orange demon
  4500 | D:8      | Killed Amaemon
  4501 | D:8      | Reached XP level 10. HP: 60/60 MP: 3/15
  4517 | D:8      | Noticed a six-headed hydra
  4572 | D:8      | Killed a six-headed hydra
  4581 | D:8      | Identified the +0 ring mail of Vexation {rCorr Int-3 SInv}
  4839 | D:8      | Found a broken altar of Ashenzari.
  4905 | D:8      | Noticed a two-headed ogre
  4914 | D:8      | Killed a two-headed ogre
  4998 | D:8      | Killed Psyche
  5202 | D:9      | Reached XP level 11. HP: 34/68 MP: 5/16
  5224 | D:9      | Reached skill level 10 in Dodging
  5453 | D:9      | Found a staircase to the Lair.
  5734 | D:10     | Entered Level 10 of the Dungeon
  5820 | D:10     | Learned a level 3 spell: Mephitic Cloud
  5876 | D:10     | Found a blossoming altar of Fedhas.
  6035 | D:10     | Reached skill level 1 in Shields
  6036 | D:10     | Found a glowing golden altar of the Shining One.
  6353 | D:11     | Found a gate leading to a gauntlet.
  6384 | Gauntlet | Entered a Gauntlet
  6384 | Gauntlet | Found a transporter.
  6384 | Gauntlet | Found a transporter.
  6395 | Gauntlet | Found a transporter.
  6395 | Gauntlet | Noticed a wizard
  6404 | Gauntlet | Found a transporter.
  6409 | Gauntlet | Noticed a spectral death yak
  6413 | Gauntlet | Noticed a death scarab
  6414 | Gauntlet | Noticed a death scarab
  6418 | Gauntlet | Found a transporter.
  6431 | Gauntlet | Found a transporter.
  6433 | Gauntlet | Noticed a balrug
  6447 | Gauntlet | Found a transporter.
  6512 | Gauntlet | Noticed a catoblepas
  6516 | Gauntlet | Found a transporter.
  6516 | Gauntlet | Found a transporter.
  6518 | Gauntlet | Noticed a sixfirhy
  6520 | Gauntlet | Noticed a sixfirhy
  6524 | Gauntlet | Noticed a sea snake
  6525 | Gauntlet | Noticed a manticore
  6525 | Gauntlet | a sea snake changed into a manticore
  6526 | Gauntlet | Found a transporter.
  6526 | Gauntlet | Found a transporter.
  6526 | Gauntlet | a manticore changed into a redback
  6528 | Gauntlet | Noticed a sixfirhy
  6536 | Gauntlet | Found a transporter.
  6538 | Gauntlet | Noticed a hell beast
  6552 | Gauntlet | Noticed a death drake
  6553 | Gauntlet | a death drake changed into a dream sheep
  6559 | Gauntlet | Found a transporter.
  6576 | Gauntlet | Noticed a shining eye
  6576 | Gauntlet | a redback changed into a shining eye
  6577 | Gauntlet | a shining eye changed into a water nymph
  6579 | Gauntlet | Noticed an anaconda
  6579 | Gauntlet | a water nymph changed into an anaconda
  6579 | Gauntlet | Noticed a salamander
  6579 | Gauntlet | a floating eye changed into a salamander
  6595 | Gauntlet | Found a transporter.
  6608 | Gauntlet | Found a transporter.
  6610 | Gauntlet | Noticed a moth of wrath
  6622 | Gauntlet | Found a transporter.
  6765 | Gauntlet | Killed a moth of wrath
  6770 | Gauntlet | Reached skill level 10 in Fighting
  6789 | Gauntlet | Identified the ring of Tinwu Foim {Fly Int+4 Stlth+}
  6836 | Gauntlet | Slain by a hell beast

Illustrated notes

Levels and vault maps discovered:
D:1:      elethiomel_arrival_infinity_welcomes_careful_drivers, layout_rooms,
          serial_shops, nicolae_shop_bloodbath_and_beyond,
          hellmonk_ecumenical_altar_leap_of_faith, st_stairs_10
D:2:      layout_rooms, uniq_sigmund
D:3:      layout_loops_ring, uniq_ijyb
D:4:      layout_rooms, fiery_altar_vehumet, mainiacjoe_overflow_catwalk,
          minmay_temple_entry_offerings, serial_shops, shop,
          grunt_ministairs_13, minmay_box_of_dots, uniq_edmund
D:5:      minmay_evil_eye, layout_gridville, kennysheep_mini,
          gammafunk_ghost_smash, uniq_eustachio, uniq_menkaure,
          uniq_blork_the_orc, uniq_duvessa
D:6:      layout_gridville, general_overflow_altar,
          mainiacjoe_overflow_six_doors_small, kennysheep_opposing_triangles
D:7:      layout_rooms, lemuel_doored_altar, tgw_kikubaaqudgha,
          dancing_weapons_uskayaw, uniq_joseph, uniq_prince_ribbit1
D:8:      layout_loops_ring, evilmike_ruin_ashenzari, nicolae_take_the_stairs,
          uniq_psyche, uniq_amaemon
D:9:      layout_loops_corners, nzn_overflow_gifts_of_might_and_magic,
          lair_entry_dummy
D:10:     layout_basic, lemuel_tele_altar, tso_oasis_becter
D:11:     layout_basic, hiddenorc1_lemuel, gauntlet_entry_generic
Temple:   chequers_temple_sunken
Gauntlet: gammafunk_gauntlet_branching [nicolae_gauntlet_arena_blocks,
          gammafunk_gauntlet_arena_split_x,
          gammafunk_gauntlet_arena_split_diamond,
          gammafunk_gauntlet_arena_crates, gammafunk_gauntlet_arena_corners,
          gammafunk_gauntlet_arena_grid, nicolae_gauntlet_arena_t_cross,
          nicolae_gauntlet_arena_x, gauntlet_exit_green]

Skill      XL: |  1  2  3  4  5  6  7  8  9 10 11 |
---------------+----------------------------------+-----
Fighting       | 1 2 3 5 6 8 10 | 10.0
Conjurations   | 2 4 |  4.0
Air Magic      | 5 7 8 10 | 10.0
Armour         | 1 3 4 7 8 |  8.0
Dodging        | 3 4 7 9 10 | 10.0
Throwing       | 1 |  1.0
Evocations     | 1 |  1.0
Spellcasting   | 3 |  3.0
Stealth        | 3 |  3.0
Shields        | 3 |  3.3

Action                   |  1- 3 |  4- 6 |  7- 9 | 10-12 || total
-------------------------+-------+-------+-------+-------++-------
Melee: Unarmed           |     8 |       |       |       ||     8
       Whip              |    44 |    20 |    24 |       ||    88
       Kick              |    10 |     6 |     9 |     6 ||    31
       Peck              |     4 |     5 |     6 |     2 ||    17
       Trident           |       |       |    18 |    12 ||    30
Throw: Dart              |     2 |    12 |    22 |     3 ||    39
 Cast: Shock             |    80 |    47 |    43 |    29 ||   199
       Static Discharge  |     1 |     7 |    34 |    50 ||    92
       Swiftness         |       |     1 |       |     2 ||     3
       Airstrike         |       |       |    27 |    55 ||    82
       Passwall          |       |       |     2 |     2 ||     4
Evoke: Wand              |       |       |     1 |     3 ||     4
  Use: Potion            |     3 |       |     1 |     3 ||     7
       Scroll            |     1 |       |     9 |     2 ||    12
 Stab: Sleeping          |       |     2 |     1 |       ||     3
Armor: Robe              |    24 |     6 |    16 |    15 ||    61
       Troll leather arm |       |       |       |     1 ||     1
Dodge: Dodged            |    40 |    20 |    88 |   102 ||   250
Block: Other             |     6 |     4 |    12 |       ||    22
       Buckler           |       |       |       |    12 ||    12
